Baba-Jaga, lawful female human Valkyrie --- ---- ---------..--- |..-- --- --.............--- -------...-- --- |.| |................|--------------|.|.--.....-- --..-- |.| |................|[?%|..|...|...|.........>.--- ..... |.| +..--+--........)|%)?|..|...|...|.............--- .... |.| |..| |. -----..|.@. ..|-|---|--...............| ...- |.-----..| -- |..--|---|-.../.....|...-....--.|.| -..| |........| +..()..)).....-----........|...---- |..----..(.....|---- |......--+-...| |........---.- |.......----...|(((|+------.@{f..| |...+ |........... --.<....| +...|(((|..........@..| |...| |..|...........- |......| |...|...--+-.....---@-------------.-----.......... ---.-..- --...--|-- |..-|-|..................| -........- .......|........| |..|. |----....--------- | ......-... -..--...|..#.....----..|. |%.[%.)..|......| ........ ... -..||...|-....{....[...|. |%%.|....-...(_.| -......... -- .--|...--..|....#.....--------....|......| --........- -- |.......--............%........|------- ------...| -------- ----------------------- -..| --- Baba-Jaga the Fighter Experience level: 8 Strength: 16 Dexterity: 17 Constitution: 16 Intelligence: 12 Wisdom: 9 Charisma: 8 Health: 0(79) Energy: 20(20) AC: 2 Gold: 1940 Moves: 3787 Your Inventory: Coins $ - 1940 gold pieces Weapons a - the blessed rustproof +2 Excalibur (weapon in hand) b - an uncursed rusty +0 dagger (alternate weapon; not wielded) h - an [uncursed] rusty [+0] orcish dagger (in quiver) C - a [blessed] rusty [+0] orcish dagger Armor c - a blessed +3 small shield (being worn) r - an [uncursed] rusty +0 orcish helm (being worn) z - an [uncursed] +0 leather armor (being worn) B - an [uncursed] rusty +0 pair of iron shoes (being worn) D - a [cursed -1] mummy wrapping J - an [uncursed] +0 pair of leather gloves (being worn) Comestibles d - 4 uncursed food rations l - an uncursed lichen corpse Scrolls n - an uncursed unlabeled scroll [of blank paper] I - an [uncursed] scroll labeled YUM YUM [of light] Potions m - an uncursed potion of water Rings g - an uncursed ring of conflict named Conflict k - a cursed rusty ring of teleportation F - an [uncursed +1] jacinth ring [of gain wisdom] Wands j - an uncursed rusty wand of slow monster (0:6) G - an [uncursed] alabaster wand [of secret door detection (0:11)] K - an [uncursed] wand of striking [0:1] Tools e - an uncursed oil lamp (0:1305) s - an [uncursed] magic marker [0:44] A - an [uncursed] magic whistle Gems v - an [uncursed] green gem [aquamarine] Spells known in the end: Name Level Category Fail Memory Your skills at the end: Fighting Skills Weapon Skills dagger [Basic / Expert] long sword [Skilled / Expert] Spellcasting Skills Final Attributes: You had transgressed. Hunger level was 384. Your alignment was -33 / 28. Monster difficulty range was 1 - 7. Level difficulty was 7. You were immune to cold. You were immune to level-drain. You had automatic searching. You were stealthy. You aggravated monsters. You were fast. You were extremely unlucky (-10). You are dead. Vanquished creatures: a shopkeeper 2 small mimics 3 soldiers 3 watchmen a blue jelly a gnome mummy a wood nymph a mountain nymph 4 Uruk-hai a pony a fog cloud 7 gnome lords a kobold mummy a gray ooze an elf zombie a ghoul a floating eye a kobold lord 4 rothes a giant bat an acid blob 2 gas spores 2 hobbits 3 manes 2 large kobolds a hobgoblin 2 giant rats 2 yellow molds a red mold 47 gnomes a gnome zombie a gecko 7 jackals 3 foxes a kobold 3 goblins 2 sewer rats 2 grid bugs 2 lichens a kobold zombie 4 newts 127 creatures vanquished. Voluntary challenges: You used a wielded weapon 138 times. You read items or engraved 4 times. You put on armor 5 times. You never genocided any monsters. You never polymorphed an object. You never changed form. You used no wishes. You never wrote Elbereth's name. You never encountered a bones level. You never used any Sokoban shortcuts. Dungeon overview: The Dungeons of Doom: levels 1 to 6 Level 1 a long staircase Level 3 stairs to The Gnomish Mines Level 4 a general store Level 5 many fountains Level 6 a fountain The Gnomish Mines: levels 4 to 10 Level 4 stairs to The Dungeons of Doom Level 7 <- You were here some shops, a temple to Tyr, a magic chest, some fountains, some trees History has recorded: On T:1 you entered the Dungeons of Doom to retrieve the Amulet of Yendor! On T:625 you reached level 2 of The Dungeons of Doom. On T:646 you advanced to experience level 2. On T:771 you advanced to experience level 3. On T:1088 you reached level 3 of The Dungeons of Doom. On T:1158 you advanced to experience level 4. On T:1571 you advanced to experience level 5. On T:1822 you reached level 4 of The Dungeons of Doom. On T:1894 you advanced to experience level 6. On T:2349 you reached level 5 of The Dungeons of Doom. On T:2796 you reached level 6 of The Dungeons of Doom. On T:2802 you advanced to experience level 7. On T:3036 you reached level 1 of The Gnomish Mines. On T:3200 you reached level 2 of The Gnomish Mines. On T:3369 you reached level 3 of The Gnomish Mines. On T:3403 you reached level 4 of The Gnomish Mines. On T:3498 you advanced to experience level 8. On T:3526 you reached level 5 of The Gnomish Mines. On T:3534 you reached level 6 of The Gnomish Mines. On T:3548 you reached level 7 of The Gnomish Mines. Latest messages: You feel less confused now. [HP+1=31] [5 turns] You kill the gnome! The large cat bites! The watchman throws a magical dagger! You are hit by a magical dagger. [HP-10=21] The large cat bites! The watchman wields a short sword! The large cat bites! [HP-10=11] The watchman thrusts her short sword. The watchman hits! The watchman throws a spear! You are almost hit by a spear. [HP-6=5] You kill the watchman! You murderer! There are many objects here. You hit the watch captain! The large cat bites! You die... Final status: Farvel Baba-Jaga the Valkyrie... You died in The Gnomish Mines on dungeon level 7 with 5448 points, and 1940 pieces of gold, after 3787 moves. You were level 8 with a maximum of 79 hit points when you died.